 Dungeon Crawl Stone Soup version 0.29-a0-653-gd47aff6735 (webtiles) character file.

Game seed: 16635107624698871936

4588 xian the Slicer (level 10, -4/84 HPs)
             Began as a Green Draconian Fighter on June 21, 2022.
             Was a Believer of Wu Jian.
             Slain by a wraith (9 damage)
             ... on level 9 of the Dungeon.
             The game lasted 00:22:13 (7969 turns).

xian the Slicer (Green Draconian Fighter)           Turns: 7969, Time: 00:22:14

Health: -4/84      AC: 10    Str: 23    XL:     10   Next: 18%
Magic:  10/10      EV: 10    Int:  9    God:    Wu Jian [**....]
Gold:   405        SH: 13    Dex: 10    Spells: 9/9 levels left

rFire   . . .      SeeInvis .   e - +3 dagger (venom)
rCold   . . .      Faith    +   B - +0 tower shield
rNeg    . . .      Spirit   .   (body armour unavailable)
rPois   +          Reflect  .   (helmet restricted)
rElec   .          Harm     .   (no cloak)
rCorr   .          Rampage  .   (no gloves)
Will    +....                   x - +2 pair of boots
Stlth   +++.......              k - amulet of faith
HPRegen 0.24/turn               a - ring of willpower
MPRegen 0.12/turn               (no ring)

@: mighty, slowed, very slow
A: breathe noxious fumes, AC +7, unfitting armour, poison resistance,
cold-blooded
a: Breathe Noxious Fumes, Renounce Religion, Wall Jump


You were on level 9 of the Dungeon.
You worshipped Wu Jian.
Wu Jian was pleased with you.
You visited 2 branches of the dungeon, and saw 10 of its levels.

You collected 485 gold pieces.
You spent 80 gold pieces at shops.

Inventory:

Hand Weapons
 e - a +3 dagger of venom (weapon)
 E - a +2 vorpal longbow
Missiles
 m - a throwing net
 p - 13 poisoned darts
 s - 6 datura-tipped darts
 D - 5 curare-tipped darts
Armour
 b - a +0 buckler
 x - a +2 pair of boots (worn)
 B - a +0 tower shield (worn)
Jewellery
 a - a ring of willpower (left hand)
 k - an amulet of faith (around neck)
Wands
 n - a wand of charming (18) (quivered)
 y - a wand of iceblast (4)
 A - a wand of acid (12)
Scrolls
 f - 2 scrolls of amnesia
 i - 3 scrolls of teleportation
 q - a scroll of magic mapping
 r - 2 scrolls of enchant weapon
 C - a scroll of silence
Potions
 d - 2 potions of haste
 g - 2 potions of brilliance
 h - 3 potions of attraction
 j - 4 potions of invisibility
 l - 6 potions of curing
 o - 2 potions of berserk rage
 t - a potion of lignification
 u - a potion of resistance
 v - 2 potions of degeneration {unknown}
 w - a potion of magic {unknown}
 z - a potion of heal wounds


   Skills:
 + Level 6.9 Fighting
 + Level 8.3(8.5) Short Blades
 + Level 2.1(5.6) Long Blades
 + Level 0.7 Throwing
 + Level 7.3 Dodging
 + Level 5.1 Stealth
 + Level 6.7 Shields
 + Level 0.3 Evocations


You had 9 spell levels left.
You didn't know any spells.
Your spell library contained the following spells:

 Spells                   Type           Power      Damage    Failure   Level
 Blink                    Tloc           0%         N/A       99%         2
 Lesser Beckoning         Tloc           0%         N/A       100%        3
 Portal Projectile        Hex/Tloc       0%         N/A       100%        3
 Tukima's Dance           Hex            0%         N/A       100%        3
 Anguish                  Hex/Necr       0%         N/A       100%        4
 Summon Ice Beast         Ice/Summ       0%         N/A       100%        4
 Blade Hands              Tmut           0%         N/A       100%        5
 Manifold Assault         Tloc           0%         N/A       100%        5
 Summon Mana Viper        Hex/Summ       0%         N/A       100%        5
 Enfeeble                 Hex            0%         N/A       100%        7
 Monstrous Menagerie      Summ           0%         N/A       100%        7


Dungeon Overview and Level Annotations

Branches:
Dungeon (9/15)             Temple (1/1) D:5
   Lair: D:8-11         Orc: D:9-12

Altars:
Elyvilon
Fedhas
Gozag
Hepliaklqana
Kikubaaqudgha
Nemelex Xobeh
Okawaru
Qazlal
Ru
Trog
Uskayaw
Vehumet
Wu Jian
Xom
Yredelemnul
Zin
The Shining One

Shops:
D:1 [   D:2 !   D:5 *

Annotations:
D:3 1 runed translucent door, Persephone's ghost, amateur MiFi


Innate Abilities, Weirdness & Mutations

You can breathe blasts of noxious fumes.
Your lurid green scales are hard. (AC +7)
You cannot fit into any form of body armour.
Your system is resistant to poisons. (rPois)
You are cold-blooded and may be slowed by cold attacks.


Message History

The troll is severely wounded.
The wraith hits you.
* * * LOW HITPOINT WARNING * * *
The troll bites you but does no damage. You block the troll's attack. x2
The wraith misses you. The troll bites you.
* * * LOW HITPOINT WARNING * * *
You block the troll's attack. The troll closely misses you.
You feel very mighty all of a sudden. The wraith hits you.
* * * LOW HITPOINT WARNING * * *
The wraith drains your vigour!
You feel as though you will be slow longer.
You block the troll's attack. x3
You completely miss the troll.
Your tail-slap misses the troll.
The troll is almost dead.
You kill the troll!
The Council accepts your kill.
The troll leather armour is intact enough to wear.
The wraith hits you!
* * * LOW HITPOINT WARNING * * *
You block the wraith's attack.
You hit the wraith.
The wraith is lightly damaged.
The wraith hits you but does no damage.
You closely miss the wraith.
The wraith is lightly damaged.
The wraith hits you but does no damage.
You hit the wraith.
The wraith is lightly damaged.
You block the wraith's attack. The wraith hits you.
* * * LOW HITPOINT WARNING * * *
The wraith drains your vigour!
You feel as though you will be slow longer.
You hit the wraith but do no damage.
Your tail-slap misses the wraith.
The wraith is lightly damaged.
You block the wraith's attack.
You hit the wraith.
The wraith is moderately damaged.
The wraith hits you!
You die...

#..#.......#..#
#..#.......#..#
#..#....[..#..#
#..#...)...#..#
#..#.......#..#
#..#.......#..#
#..#.......#
#..####.####..#
#.....@[......#
#>.....W......#
###############


You could see a wraith.

Vanquished Creatures
  A centaur warrior (D:9)
  A skeletal warrior (D:9)
  A troll (D:9)
  A wraith (D:8)
  Menkaure (D:7)
  An acid dragon (D:8)
  2 water moccasins
  An orc warrior (D:6)
  2 ice beasts
  A black bear (D:7)
  6 ogres
  4 sky beasts
  2 phantoms (D:6)
  3 bullfrogs
  2 kobold brigands
  3 necrophages
  3 scorpions
  A gnoll shaman (D:5)
  2 hounds (D:5)
  An iguana (D:5)
  2 orc priests
  3 orc wizards
  6 gnolls
  5 adders
  4 shadow imps
  3 white imps
  A worm (D:4)
  3 dart slugs
  6 orcs
  4 endoplasms
  6 goblins
  A hobgoblin (D:3)
  19 kobolds
  3 quokkas
  6 ball pythons
  3 bats
  7 rats
121 creatures vanquished.

Vanquished Creatures (others)
  A manticore (D:9)
  56 fungi (D:9)
  53 plants (D:9)
110 creatures vanquished.

Grand Total: 231 creatures vanquished

Notes
Turn   | Place    | Note
-------+----------+-------------------------------------------
     0 | D:1      | xian the Draconian Fighter began the quest for the Orb.
     0 | D:1      | Reached XP level 1. HP: 19/19 MP: 1/1
   288 | D:1      | Found Syac's Antique Armour Shoppe.
   918 | D:2      | Found Suzuak Nybof's Distillery.
   929 | D:2      | Reached XP level 2. HP: 23/26 MP: 2/2
  1357 | D:3      | Reached XP level 3. HP: 21/33 MP: 3/3
  1491 | D:3      | Found a runed translucent door.
  1495 | D:3      | Noticed Persephone's ghost (amateur MiFi)
  2223 | D:4      | Reached skill level 1 in Short Blades
  2223 | D:4      | Reached XP level 4. HP: 21/40 MP: 4/4
  2486 | D:4      | Noticed an ice beast
  2498 | D:4      | Killed an ice beast
  2499 | D:4      | Reached skill level 2 in Short Blades
  2499 | D:4      | Reached XP level 5. HP: 20/46 MP: 5/5
  2675 | D:4      | Noticed an ogre
  2683 | D:4      | Killed an ogre
  2684 | D:4      | Reached skill level 1 in Stealth
  2684 | D:4      | Reached XP level 6. HP: 40/52 MP: 6/6
  2718 | D:4      | Reached skill level 3 in Short Blades
  3311 | D:5      | Entered Level 5 of the Dungeon
  3339 | D:5      | Your scales start taking on a lurid green colour.
  3339 | D:5      | Reached XP level 7. HP: 39/60 MP: 7/7
  3339 | D:5      | Gained mutation: Your system is resistant to poisons.
                  | (rPois) [Green Draconian growth]
  3494 | D:5      | Reached skill level 4 in Short Blades
  3582 | D:5      | Found an opulent altar of Gozag.
  3593 | D:5      | Found Idecyqab's CLEARANCE SALE!.
  3614 | D:5      | Bought a scroll of enchant weapon for 52 gold pieces
  3614 | D:5      | Bought a scroll of noise for 7 gold pieces
  3614 | D:5      | Bought a potion of lignification for 21 gold pieces
  3680 | D:5      | Found a sacrificial altar of Ru.
  3739 | D:5      | Reached skill level 5 in Dodging
  3867 | D:5      | Found a radiant altar of Vehumet.
  3934 | D:5      | Found a hide-covered altar of Uskayaw.
  3939 | D:5      | Found a stormy altar of Qazlal.
  4077 | D:5      | Found a staircase to the Ecumenical Temple.
  4084 | Temple   | Entered the Ecumenical Temple
  4143 | Temple   | Became a worshipper of the Wu Jian Council
  4328 | D:6      | Reached skill level 5 in Short Blades
  4346 | D:6      | Reached XP level 8. HP: 55/67 MP: 8/8
  4359 | D:6      | Reached skill level 5 in Fighting
  4572 | D:6      | Reached skill level 6 in Short Blades
  4578 | D:6      | Reached skill level 5 in Shields
  4623 | D:6      | Reached * piety under Wu Jian
  5603 | D:7      | Reached XP level 9. HP: 75/75 MP: 9/9
  5766 | D:7      | Reached skill level 7 in Short Blades
  5912 | D:7      | Noticed Menkaure
  5916 | D:7      | Killed Menkaure
  6700 | D:8      | Reached ** piety under Wu Jian
  7616 | D:9      | Noticed a centaur warrior
  7618 | D:9      | Noticed a skeletal warrior
  7621 | D:9      | Noticed a manticore
  7639 | D:9      | Killed a centaur warrior
  7640 | D:9      | Reached skill level 8 in Short Blades
  7650 | D:9      | Killed a skeletal warrior
  7651 | D:9      | Reached skill level 5 in Stealth
  7651 | D:9      | Reached XP level 10. HP: 17/84 MP: 10/10
  7967 | D:9      | HP: 4/84 [wraith (5)]
  7969 | D:9      | Slain by a wraith

Illustrated notes

Levels and vault maps discovered:
D:1:      dpeg_arrival_long_road, layout_basic, serial_shops,
          nicolae_diamond_shop
D:2:      layout_rooms, serial_shops, shop, minmay_misc_feat_chi
D:3:      layout_basic, gammafunk_ghost_grave
D:4:      layout_loops_cross
D:5:      layout_cave_pools, minmay_overflow_temple_star_quad,
          minmay_temple_entry_enclosed_plants, hangedman_feature_mirror,
          nicolae_shop_clearance
D:6:      layout_loops_cross, kennysheep_small_circle
D:7:      layout_gridville, uniq_menkaure
D:8:      layout_basic
D:9:      cheibrodos_elevator_heist, layout_layer_cave,
          due_lair_maze_entry_diamond, st_stairs_5, uniq_psyche
Temple:   mainiacjoe_temple_bowtie_tessellation

Skill      XL: |  1  2  3  4  5  6  7  8  9 |
---------------+----------------------------+-----
Dodging        | 3 4 5 6 7 |  7.3
Short Blades   | 1 2 3 5 6 8 |  8.3
Fighting       | 4 5 6 |  6.9
Stealth        | 1 2 3 5 |  5.1
Shields        | 4 5 6 |  6.7
Long Blades    | |  2.1
Throwing       | |  0.7
Evocations     | |  0.3

Action                   |  1- 3 |  4- 6 |  7- 9 | 10-12 || total
-------------------------+-------+-------+-------+-------++-------
Melee: Dagger            |    85 |    68 |   386 |    14 ||   553
       Long sword        |     6 |       |       |       ||     6
       Tailslap          |     8 |    14 |    49 |     1 ||    72
Throw: Dart              |       |       |     4 |       ||     4
Invok: Lunge             |       |       |    20 |       ||    20
       Whirlwind         |       |       |     4 |       ||     4
 Abil: Breathe Noxious F |       |       |    18 |       ||    18
Evoke: Wand              |       |       |     1 |     4 ||     5
  Use: Scroll            |     9 |       |    10 |       ||    19
       Potion            |       |       |     6 |     1 ||     7
 Stab: Confused          |       |       |     4 |       ||     4
       Invisible         |       |       |     3 |       ||     3
       Sleeping          |       |       |     3 |       ||     3
Armor: Skin              |    32 |     7 |    85 |     5 ||   129
Dodge: Dodged            |    61 |    34 |   137 |     8 ||   240
Block: Buckler           |    16 |    10 |    29 |       ||    55
       Tower shield      |       |       |    75 |    19 ||    94

Table legend: (Time is in decaauts)
 A = Elapsed time spent in this place.
 B = Non-inter-level travel time spent in this place.
 C = Inter-level travel time spent in this place.
 D = Time resting spent in this place.
 E = Time spent auto-exploring this place.
 F = Levels seen in this place.
 G = Mean time per level.
                   A        B        C        D        E       F      G
               +--------+--------+--------+--------+--------+-----+--------+
         Total |   7941 |   7783 |    158 |    253 |   5392 |  10 |  794.1 |
       Dungeon |   7849 |   7707 |    142 |    253 |   5346 |   9 |  872.1 |
        Temple |     91 |     75 |     16 |      0 |     46 |   1 |   91.0 |
               +--------+--------+--------+--------+--------+-----+--------+

Top non-repeatable levels by time:
     D:8: 1423 daAuts
     D:6: 1258 daAuts
     D:4: 1102 daAuts
     D:3: 935 daAuts
     D:1: 895 daAuts
     D:5: 868 daAuts
     D:7: 636 daAuts
     D:2: 371 daAuts
     D:9: 357 daAuts
  Temple: 91 daAuts
